 Dungeon Crawl Stone Soup version 0.30.0-30-g96aa6591b8 (webtiles) character file.

Game seed: 13732049515182493041

36723 Peloso the Fencer (level 13, -4/118 HPs)
             Began as a Minotaur Fighter on June 30, 2023.
             Was a High Priest of Okawaru.
             Hit by a javelin thrown by a minotaur (19 damage)
             ... in a Gauntlet.
             The game lasted 00:34:46 (17153 turns).

Peloso the Fencer (Minotaur Fighter)               Turns: 17153, Time: 00:34:46

Health: -4/118     AC: 21    Str: 22    XL:     13   Next: 54%
Magic:  11/12      EV:  8    Int:  5    God:    Okawaru [*****.]
Gold:   705        SH: 13    Dex: 14    Spells: 12/12 levels left

rFire   . . .        a - +3 scimitar (flame)
rCold   . . .        d - +0 kite shield
rNeg    . . .        q - +0 plate armour
rPois   .            V - +0 hat {Will+}
rElec   .            F - +2 cloak
rCorr   .            C - +0 pair of gloves
SInv    +            (no boots)
Will    ++...        H - amulet of regeneration Stlth
                     y - ring of willpower
HPRegen 1.19/turn    z - ring of see invisible
MPRegen 0.13/turn

%: no teleportation
@: mighty, hasted, very quick
A: horns 2, retaliatory headbutt
a: Renounce Religion, Heroism, Finesse, Duel


You were in a Gauntlet.
You worshipped Okawaru.
Okawaru was extremely pleased with you.
You visited 3 branches of the dungeon, and saw 16 of its levels.
You also visited: Bailey, Gauntlet and Volcano.

You collected 760 gold pieces.
You spent 55 gold pieces at shops.

Inventory:

Hand Weapons
 a - a +3 scimitar of flaming (weapon)
 b - a +4 scimitar of holy wrath
 c - the +1 falchion "Jaag" {heavy, rPois rC+ Dex+5 Stlth+}
   (Okawaru gifted it to you on level 3 of the Lair of Beasts)

   Dex:       It affects your dexterity (+5).
   rC:        It protects you from cold.
   rPois:     It protects you from poison.
   Stlth:     It makes you more stealthy.
Missiles
 L - 2 throwing nets (quivered)
Armour
 d - a +0 kite shield (worn)
 q - a +0 plate armour (worn)
 C - a +0 pair of gloves (worn)
 F - a +2 cloak (worn)
 S - a +1 chain mail of fire resistance
 V - a +0 hat of willpower (worn)
Jewellery
 l - an amulet of reflection
 y - a ring of willpower (left hand)
 z - a ring of see invisible (right hand)
 E - a ring of protection from fire
 G - a +5 ring of evasion
 H - an amulet of regeneration (around neck)
 O - a +6 ring of intelligence
 Q - a ring of ice
 U - a ring of magical power
 X - a ring of fire
 Z - the ring of Tymerusi {Drain +Blink rCorr Str-5 Int+6}
   (You found it in a Gauntlet)

   [ring of intelligence]

   Str:       It affects your strength (-5).
   Int:       It affects your intelligence (+6).
   +Blink:    It lets you blink.
   rCorr:     It protects you from acid and corrosion.
   Drain:     It drains your maximum health when unequipped.
Wands
 n - a wand of iceblast (25)
 o - a wand of mindburst (30)
 D - a wand of polymorph (8)
 W - a wand of flame (4)
 Y - a wand of light (7)
Scrolls
 e - a scroll of silence {unknown}
 h - 3 scrolls of teleportation
 j - 2 scrolls of vulnerability {unknown}
 m - 2 scrolls of immolation
 p - 3 scrolls of blinking
 t - a scroll of enchant armour {unknown}
 w - 2 scrolls of amnesia {unknown}
 x - 4 scrolls of fog {unknown}
 A - 2 scrolls of fear
 I - 2 scrolls of enchant weapon {unknown}
 K - a scroll of brand weapon {unknown}
 M - 3 scrolls of identify
 R - a scroll of torment {unknown}
Potions
 f - 3 potions of haste
 g - 7 potions of curing
 i - 2 potions of cancellation {unknown}
 k - 4 potions of invisibility
 s - 7 potions of brilliance
 u - 4 potions of mutation
 v - 2 potions of ambrosia {unknown}
 B - a potion of attraction {unknown}
 N - 2 potions of flight {unknown}
 P - a potion of magic {unknown}
 T - a potion of berserk rage {unknown}


   Skills:
 + Level 12.2 Fighting
 + Level 15.6 Long Blades
 + Level 14.0 Armour
 + Level 4.1 Dodging
 + Level 2.3 Stealth
 + Level 14.2 Shields
 + Level 0.2 Unarmed Combat
 + Level 1.0 Invocations
 + Level 1.9 Evocations


You had 12 spell levels left.
You didn't know any spells.
Your spell library contained the following spells:

 Spells                   Type           Power      Damage    Failure   Level
 Apportation              Tloc           0%         N/A       100%        1
 Magic Dart               Conj           0%         1d3       100%        1
 Necrotise                Necr           0%         1d4       100%        1
 Blink                    Tloc           0%         N/A       100%        2
 Lesser Beckoning         Tloc           0%         N/A       100%        2
 Momentum Strike          Conj/Tloc      0%         3d8       100%        2
 Searing Ray              Conj           0%         2d4       100%        2
 Dazzling Flash           Conj/Hex       0%         N/A       100%        3
 Gell's Gravitas          Tloc           0%         N/A       100%        3
 Teleport Other           Tloc           0%         N/A       100%        3
 Vampiric Draining        Necr           0%         2d6       100%        3
 Vhi's Electric Charge    Tloc/Air       0%         N/A       100%        3
 Volatile Blastmotes      Fire/Tloc      0%         2d10      100%        3
 Fulminant Prism          Conj/Hex       0%         3d5       100%        4
 Iskenderun's Mystic Bla  Conj/Tloc      0%         2d3       100%        4
 Agony                    Necr           0%         N/A       100%        5
 Alistair's Intoxication  Tmut/Pois      0%         N/A       100%        5
 Arcjolt                  Conj/Air       0%         1d10      100%        5
 Silence                  Hex/Air        0%         N/A       100%        5
 Conjure Ball Lightning   Conj/Air       0%         3x3d6     100%        6
 Plasma Beam              Fire/Air       0%         2x1d11    100%        6
 Starburst                Conj/Fire      0%         6d3       100%        6
 Discord                  Hex            0%         N/A       100%        8
 Disjunction              Tloc           0%         N/A       100%        8


Dungeon Overview and Level Annotations

Branches:
Dungeon (12/15)            Temple (1/1) D:5            Lair (3/5) D:11
 Shoals (0/4) Lair:2       Spider (0/4) Lair:3          Orc (0/2) D:11
 Bailey (visited)         Volcano (visited)         Gauntlet (1/1)

Altars:
Ashenzari
Cheibriados
Dithmenos
Elyvilon
Gozag
Hepliaklqana
Kikubaaqudgha
Okawaru
Ru
Uskayaw
Vehumet
Wu Jian
Yredelemnul
Zin
The Shining One

Shops:
D:7 *   D:11 (

Annotations:
Gauntlet 2 runed translucent doors, 6 transporters


Innate Abilities, Weirdness & Mutations

You have a pair of horns on your head.
You reflexively headbutt those who attack you in melee.


Message History

You slash the minotaur! You burn the minotaur.
You headbutt the minotaur, but do no damage.
The minotaur is moderately wounded.
The minotaur hits you with a +1 trident of protection!
* * * LOW HITPOINT WARNING * * *
The minotaur gores you but does no damage.
Unknown command.
You feel much better.
The minotaur hits you with a +1 trident of protection.
* * * LOW HITPOINT WARNING * * *
You block the minotaur's attack.
You feel much better.
Unknown command.
You slash the minotaur! You burn the minotaur!
Your headbutt misses the minotaur.
The minotaur is heavily wounded.
You block the minotaur's attack. x2
You barely miss the minotaur.
The minotaur is heavily wounded.
You barely miss the minotaur.
The minotaur is heavily wounded.
The minotaur hits you with a +1 trident of protection!
The minotaur gores you!
* * * LOW HITPOINT WARNING * * *
You hit the minotaur but do no damage.
The minotaur is heavily wounded.
You feel like a meek peon again.
You hit the minotaur. You burn the minotaur.
The minotaur is severely wounded.
The minotaur hits you with a +1 trident of protection!
* * * LOW HITPOINT WARNING * * *
The minotaur gores you!
* * * LOW HITPOINT WARNING * * *
Unknown command.
Blink to where?
Press: ? - help, Dir - move target
As you read the scroll of blinking, it crumbles to dust.
You feel better.
The minotaur throws a javelin.
The javelin pierces through you!!
You die...

#.#....#
#.#....#
#.H.#
#.#...©#
#§#.#
#.#....#
#.#...
#......#
#.# #⌠.⌠
#.#...©#
#.# ####
#.#....#
#.#
#.#..###
#.####
#.#..##≈
#@...#
#.#..###
####....#
..#..##≈
###
###..###
#####≈ ##
#≈ ## #≈
##


You could see a minotaur.

Vanquished Creatures
  Gastronok (Lair:2)
  A red draconian (Volcano)
  Fannar (D:11)
  2 vault guards (Bailey)
  A hydra (Lair:3)
  An ogre mage (Volcano)
  Erica (D:8)
  7 two-headed ogres
  Sonja (Lair:2)
  Amaemon (D:11)
  A pharaoh ant (Lair:3)
  2 wizards (Gauntlet)
  A lindwurm (Lair:3)
  A large abomination (Gauntlet)
  A deep elf pyromancer (D:9)
  A necromancer (Gauntlet)
  A cyclops (D:11)
  3 merfolk sirens (Lair:2)
  Joseph (D:8)
  4 cane toads
  A torpor snail (Lair:2)
  An unseen horror (D:11)
  An orange demon (D:11)
  Psyche (D:8)
  A komodo dragon (Lair:1)
  A merfolk (Lair:2)
  A polar bear (Lair:1)
  2 trolls
  A hornet (D:7)
  A tarantella (Lair:3)
  Prince Ribbit (D:6)
  A blink frog (Bailey)
  Sigmund (D:3)
  A jumping spider (Lair:3)
  2 wyverns
  Eustachio (D:6)
  3 humans (Bailey)
  45 yaks
  2 wraiths
  2 steam dragons
  2 basilisks
  A redback (Lair:3)
  2 vampire mosquitoes (D:10)
  Menkaure (D:5)
  4 acid dragons
  9 water moccasins
  3 orc warriors
  An ice beast (D:7)
  3 black bears
  An ogre (D:5)
  19 wolves
  5 centaurs
  2 phantoms
  2 kobold brigands
  17 bullfrogs
  4 scorpions
  6 small abominations (Gauntlet)
  11 wights
  14 killer bees
  3 howler monkeys (D:7)
  2 hounds
  3 orc priests
  A gnoll bouda (D:10)
  Terence (D:3)
  5 iguanas
  3 sleepcaps
  5 orc wizards
  Robin (D:3)
  11 gnolls
  16 adders
  A shadow imp (D:8)
  4 white imps
  4 worms
  5 dart slugs
  48 orcs
  3 ball pythons
  6 endoplasms
  6 giant cockroaches
  15 goblins
  11 hobgoblins
  A jackal (D:3)
  12 kobolds
  3 quokkas
  4 bats
  2 rats
386 creatures vanquished.

Vanquished Creatures (others)
  A hobgoblin (D:9)
1 creature vanquished.

Grand Total: 387 creatures vanquished

Notes
Turn   | Place    | Note
-------+----------+-------------------------------------------
     0 | D:1      | Peloso the Minotaur Fighter began the quest for the Orb.
     0 | D:1      | Reached XP level 1. HP: 19/19 MP: 0/0
   256 | D:1      | Reached XP level 2. HP: 27/27 MP: 1/1
   906 | D:2      | Reached XP level 3. HP: 24/33 MP: 2/2
  1061 | D:2      | You fall into a shaft and drop 2 floors!
  1106 | D:3      | Reached skill level 3 in Long Blades
  1172 | D:3      | Reached XP level 4. HP: 25/41 MP: 3/3
  1349 | D:3      | Noticed Sigmund
  1825 | D:3      | Noticed Robin
  1833 | D:3      | Reached XP level 5. HP: 23/47 MP: 4/4
  1861 | D:3      | Killed Robin
  1864 | D:3      | Reached skill level 5 in Armour
  1981 | D:3      | Found a faded altar of an unknown god.
  2278 | D:3      | Reached skill level 1 in Dodging
  2290 | D:2      | Reached skill level 4 in Long Blades
  2409 | D:3      | HP: 2/47 [gnoll/+0 flail (4)]
  2662 | D:3      | Killed Sigmund
  2663 | D:3      | Reached XP level 6. HP: 45/55 MP: 5/5
  2818 | D:3      | Noticed Terence
  2830 | D:3      | Killed Terence
  3218 | D:5      | Entered Level 5 of the Dungeon
  3275 | D:4      | Reached skill level 5 in Long Blades
  3333 | D:4      | Reached XP level 7. HP: 34/60 MP: 6/6
  3950 | D:4      | Reached skill level 5 in Fighting
  3950 | D:4      | Reached skill level 6 in Long Blades
  4373 | D:5      | Identified the +1 great sword "Peehamist" {holy, Int+3}
  4413 | D:5      | Identified the +2 helmet of Toept {+Inv rElec Regen+ Int-2}
  4579 | D:5      | Found a staircase to the Ecumenical Temple.
  4675 | D:5      | Noticed Menkaure
  4683 | D:5      | Killed Menkaure
  4953 | D:5      | Reached skill level 7 in Long Blades
  4953 | D:5      | Reached XP level 8. HP: 68/68 MP: 7/7
  4996 | D:5      | Reached skill level 1 in Stealth
  5147 | D:5      | Reached skill level 5 in Shields
  5293 | D:6      | Noticed Eustachio
  5353 | D:6      | Killed Eustachio
  5354 | D:6      | Reached skill level 8 in Long Blades
  5799 | D:6      | Noticed Prince Ribbit
  5816 | D:6      | Killed Prince Ribbit
  5934 | D:6      | Reached skill level 9 in Long Blades
  5991 | D:6      | Reached XP level 9. HP: 74/75 MP: 8/8
  7048 | D:7      | Found Ruakic's Assorted Antiques.
  7056 | D:7      | Bought a scroll labelled ICAIGE BOPP for 29 gold pieces
  7056 | D:7      | Bought a murky emerald potion for 26 gold pieces
  7210 | D:8      | Noticed Joseph
  7291 | D:7      | Reached skill level 10 in Long Blades
  7291 | D:7      | Reached skill level 10 in Armour
  7379 | Temple   | Entered the Ecumenical Temple
  7393 | Temple   | Became a worshipper of Warmaster Okawaru
  7738 | D:8      | Killed Joseph
  7739 | D:8      | Reached XP level 10. HP: 80/86 MP: 9/9
  7885 | D:8      | Noticed Psyche
  7909 | D:7      | Reached * piety under Okawaru
  8394 | D:8      | Killed Psyche
  8563 | D:8      | Noticed Erica
  8572 | D:8      | Killed Erica
  8573 | D:8      | Reached skill level 11 in Long Blades
  8573 | D:8      | Reached skill level 1 in Evocations
  8822 | D:8      | Reached ** piety under Okawaru
  9038 | D:9      | Noticed a deep elf pyromancer
  9055 | D:9      | Killed a deep elf pyromancer
  9225 | D:9      | Found a flagged portal.
  9245 | Bailey   | Entered a bailey
  9567 | Bailey   | Noticed a vault guard
  9570 | Bailey   | Reached XP level 11. HP: 95/95 MP: 10/10
  9584 | Bailey   | Killed a vault guard
  9585 | Bailey   | Reached skill level 12 in Long Blades
  9634 | Bailey   | Noticed a vault guard
  9649 | Bailey   | Killed a vault guard
  9650 | Bailey   | Reached skill level 10 in Shields
  9775 | D:9      | Reached *** piety under Okawaru
 10455 | D:9      | Found a broken altar of Ashenzari.
 10462 | D:9      | Found a snail-covered altar of Cheibriados.
 10632 | D:10     | Entered Level 10 of the Dungeon
 10632 | D:10     | Noticed a two-headed ogre
 10634 | D:10     | Reached **** piety under Okawaru
 10755 | D:10     | Reached skill level 13 in Long Blades
 10885 | D:10     | Found a hide-covered altar of Uskayaw.
 10927 | D:10     | Killed a two-headed ogre
 10987 | D:10     | Found an ornate altar of the Wu Jian Council.
 11189 | D:10     | Noticed a two-headed ogre
 11197 | D:10     | Killed a two-headed ogre
 11198 | D:10     | Reached skill level 10 in Fighting
 11552 | D:11     | Reached ***** piety under Okawaru
 11695 | D:11     | Reached skill level 14 in Long Blades
 11723 | D:11     | Noticed Amaemon
 11734 | D:11     | Killed Amaemon
 11735 | D:11     | Reached XP level 12. HP: 90/107 MP: 8/11
 11834 | D:11     | Found a staircase to the Lair.
 11912 | D:11     | Found Jemnage's Weapon Emporium.
 11956 | D:11     | Received a gift from Okawaru
 12087 | D:11     | Noticed Fannar
 12100 | D:11     | Killed Fannar
 12448 | D:11     | Found a staircase to the Orcish Mines.
 12622 | Lair:1   | Entered Level 1 of the Lair of Beasts
 12844 | Lair:1   | Identified the +1 helmet "Ticoaq" {rElec rPois rF++ Dex-2}
 13669 | Lair:2   | Found a dark tunnel.
 13676 | Volcano  | Entered a volcano
 13691 | Volcano  | Noticed a two-headed ogre
 13695 | Volcano  | Noticed a red draconian
 13698 | Volcano  | Killed a two-headed ogre
 13722 | Volcano  | Killed a red draconian
 13797 | Volcano  | Noticed a two-headed ogre
 13802 | Volcano  | Killed a two-headed ogre
 13803 | Volcano  | Reached skill level 15 in Long Blades
 13824 | Volcano  | Noticed a two-headed ogre
 13824 | Volcano  | Noticed an ogre mage
 13825 | Volcano  | Noticed a two-headed ogre
 13835 | Volcano  | Killed a two-headed ogre
 13844 | Volcano  | Killed a two-headed ogre
 13850 | Volcano  | Killed an ogre mage
 13963 | Volcano  | Noticed a two-headed ogre
 13966 | Volcano  | Killed a two-headed ogre
 14138 | Lair:2   | Reached XP level 13. HP: 102/116 MP: 12/12
 14255 | Lair:2   | Noticed Sonja
 14270 | Lair:2   | Killed Sonja
 14270 | Lair:2   | Reached ****** piety under Okawaru
 14290 | Lair:2   | Noticed Gastronok
 14501 | Lair:2   | Found a staircase to the Shoals.
 14595 | Lair:2   | Killed Gastronok
 15396 | Lair:3   | Identified the +1 falchion "Jaag" {heavy, rPois rC+ Dex+5
                  | Stlth+} (Okawaru gifted it to you on level 3 of the Lair of
                  | Beasts)
 15396 | Lair:3   | Received a gift from Okawaru
 15991 | Lair:3   | Found a hole to the Spider Nest.
 16001 | Lair:3   | Reached skill level 1 in Invocations
 16593 | D:12     | Found a gate leading to a gauntlet.
 16599 | Gauntlet | Entered a Gauntlet
 16599 | Gauntlet | Found a runed translucent door.
 16599 | Gauntlet | Found a transporter.
 16599 | Gauntlet | Found a transporter.
 16599 | Gauntlet | Found a transporter.
 16599 | Gauntlet | Found a runed translucent door.
 16620 | Gauntlet | Found a transporter.
 16638 | Gauntlet | Found a transporter.
 16639 | Gauntlet | Found a transporter.
 16656 | Gauntlet | Found a transporter.
 16675 | Gauntlet | Found a transporter.
 16691 | Gauntlet | Found a transporter.
 16694 | Gauntlet | Found a transporter.
 16704 | Gauntlet | Found a transporter.
 16707 | Gauntlet | Found a transporter.
 17081 | Gauntlet | Identified the ring of Tymerusi {Drain +Blink rCorr Str-5
                  | Int+6}
 17131 | Gauntlet | Noticed a minotaur
 17144 | Gauntlet | HP: 2/118 [minotaur/+1 trident of protection (15)]
 17151 | Gauntlet | HP: 3/118 [minotaur/+1 trident of protection (13)]
 17153 | Gauntlet | Hit by a javelin thrown by a minotaur

Illustrated notes

Levels and vault maps discovered:
D:1:      denvon_arrival_planthouse, layout_basic
D:2:      layout_rooms
D:3:      layout_loops_cross, shapermc_ecumenical_altar_mp_ritualfount,
          kennysheep_generic_room_2, uniq_sigmund, uniq_terence, uniq_robin
D:4:      layout_cave_pods
D:5:      minmay_skewed_foursquare, layout_cave_pools,
          minmay_temple_entry_nine_rooms, hangedman_decor_points, minivault_11,
          uniq_menkaure
D:6:      layout_loops_corners, uniq_eustachio, uniq_prince_ribbit1
D:7:      layout_basic, serial_shops, nicolae_shop_tiny_statue_garden
D:8:      layout_rooms, uniq_erica, uniq_psyche, uniq_joseph
D:9:      layout_loops_ring, minitemple, enter_bailey_4,
          kennysheep_generic_room_3
D:10:     layout_basic, nzn_wu_jian_council_hall, nicolae_uskayaw_dance_studio
D:11:     layout_loops_ring, minmay_lair_entry_grove, hiddenorc1_lemuel,
          serial_shops, nicolae_shop_bloodbath_and_beyond, uniq_amaemon,
          uniq_fannar
D:12:     layout_basic, gauntlet_entry_generic, minmay_statue_bubble
Temple:   eino_narrow_crystal_temple
Lair:1:   layout_cave_pods, grunt_megastairs_5, lemuel_fruit_tree
Lair:2:   layout_layer_cave, elwin_shoals_entry_stream,
          lightli_volcano_entry_magma_tube, serial_bayou_shore_b,
          uniq_gastronok, uniq_sonja
Lair:3:   layout_hall_layers, nicolae_spider_entry_lesser_pyramids
Gauntlet: minmay_gauntlet_mixed_big_or_small [nicolae_gauntlet_arena_grate_2,
          minmay_gauntlet_arena_77_shame_cube, nicolae_gauntlet_arena_blocks,
          minmay_gauntlet_arena_77_two_paths, gammafunk_gauntlet_arena_open,
          minmay_gauntlet_arena_77_double_cross,
          dreamdust_gauntlet_exit_labyrinth]

Skill      XL: |  1  2  3  4  5  6  7  8  9 10 11 12 13 |
---------------+----------------------------------------+-----
Fighting       | 4 5 7 8 10 11 12 | 12.2
Armour         | 4 5 6 7 8 10 11 13 14 | 14.0
Shields        | 4 6 8 9 11 13 14 | 14.2
Long Blades    | 3 4 5 7 9 10 11 14 15 | 15.6
Dodging        | 2 3 4 |  4.1
Stealth        | 1 2 |  2.3
Evocations     | 1 |  1.9
Invocations    | 1 |  1.0
Unarmed Combat | |  0.2

Action                     |  1- 3 |  4- 6 |  7- 9 | 10-12 | 13-15 || total
---------------------------+-------+-------+-------+-------+-------++-------
  Melee: Long sword        |    80 |   160 |   375 |    55 |       ||   670
         Headbutt          |     6 |    22 |    74 |   149 |    62 ||   313
         Punch             |       |     2 |       |       |       ||     2
         Scimitar          |       |       |       |   616 |   229 ||   845
         Unarmed           |       |       |       |     2 |       ||     2
 Invoke: Heroism           |       |       |       |     7 |     6 ||    13
  Evoke: Wand              |       |     2 |     3 |    14 |       ||    19
    Use: Potion            |     3 |     2 |     2 |     9 |     6 ||    22
         Scroll            |       |     4 |     4 |     4 |     4 ||    16
 Armour: Scale mail        |    47 |    49 |       |       |       ||    96
         Chain mail        |       |    35 |    38 |       |       ||    73
         Plate armour      |       |       |   173 |   201 |   120 ||   494
         Skin              |       |       |       |     6 |       ||     6
  Dodge: Dodged            |    49 |   106 |   134 |   167 |    57 ||   513
  Block: Buckler           |    25 |    42 |   178 |   151 |       ||   396
         Reflection        |       |       |     4 |    10 |       ||    14
         Kite shield       |       |       |       |   211 |   146 ||   357
